Cogmind - Beta 16 @@@ ROGUE MODE // 2025.11.21 @ 22:27:03 Player: Selene Result: Destroyed by 13-J3L(z) with Zionite Laser-S Performance ------------- Evolutions (4) 2000 Regions Visited (11) 2200 Robots Destroyed (61) 305 Value Destroyed (2018) 2018 Prototype IDs (22) 440 Alien Tech Used (0) 0 Bonus (3159) 3159 TOTAL SCORE: 10122 Bonus ------- High Alert Combat Kills 509 Follower Combat Kills 1358 Registered with UFD 300 Met Optimus in HQ 500 Met Imprinter 300 Destroyed Z-Imprinter 1000 Friendly Fire -808 Cogmind --------- Core Integrity 0/850 Matter 280/300 Energy 595/600 System Corruption 0% Temperature Cool (19) Movement Walking (110) Location -6/Deep Caves Parts ------- > --- POWER (2) -------- (None) > --- PROPULSION (4) --- Zionite Composite Leg I > --- UTILITY (6) ------ Advanced Energy Well Zionite Weapon Casing > --- WEAPON (3) ------- (None) > --- INVENTORY (5) ---- Surveybot 17 Chip GAL Module Peak State ------------ > --- POWER ------------ Light Angular Momentum Engine Light Particle Reactor > --- PROPULSION ------- Heavy Treads Heavy Treads > --- UTILITY ---------- Improved Cooling System High-capacity Storage Unit Seismic Detector Utility Shielding Medium Armor Plating Improved System Shield > --- WEAPON ----------- Compact HERF Cannon Compact Ion Cannon Chainsword > --- INVENTORY -------- Armored Huge Wheel Cooled Gravmag System Improved Cooling System Matter Compressor Deep Structural Scanner Surveybot 17 Chip Improved Propulsion Shielding Medium Armor Plating High-powered Tractor Beam Sensor Drone Bay Pulse Rifle Advanced Beam Rifle Compact Ion Cannon Compact Ion Cannon Rocket Launcher Multitool DRS Beacon Large Botcube [Rating: 79] Favorites ----------- Power Subdweller Power Source Engine Subdweller Power Source Power Core Micro Nuclear Core Reactor Light Particle Reactor Propulsion Armored Wheel Treads Light Treads Leg Zionite Composite Leg I Wheel Armored Wheel Hover Unit Zionite Glidesys I Flight Unit Nuclear Pulse Thruster Utility Seismic Detector Device Seismic Detector Storage High-capacity Storage Unit Processor Advanced Melee Analysis Suite Hackware Hacking Suite Protection Medium Armor Plating Weapon Assault Rifle Energy Gun Pulse Rifle Energy Cannon Compact Ion Cannon Ballistic Gun Assault Rifle Ballistic Cannon Improved Light Cannon Launcher Rocket Launcher Special Weapon Multitool Impact Weapon Flail Slashing Weapon Chainsword Build | -11 -10 -10 -10 -9 -6 -6 -6 -6 -6 -6 -6 ------- Run | Yrd Mat Min Sub Scr Fac Was Fac Low Low Zio Dee Slots Evolved 8 | . . . . . 8 . . . . . . Power 1 | . . . . . 1 . . . . . . Propulsion 2 | . . . . . 2 . . . . . . Utility 4 | . . . . . 4 . . . . . . Weapon 1 | . . . . . 1 . . . . . . Parts Attached 100 | 5 12 3 5 7 10 12 24 1 4 4 13 Power 11 | 1 . 1 1 . 1 2 3 . . . 2 Engine 7 | 1 . 1 1 . 1 1 1 . . . 1 Core 2 | . . . . . . . 2 . . . . Reactor 2 | . . . . . . 1 . . . . 1 Propulsion 23 | 1 5 . . 1 1 4 4 . 2 . 5 Treads 4 | . 2 . . . . 2 . . . . . Leg 1 | . . . . . . . . . . . 1 Wheel 7 | 1 3 . . 1 1 . 1 . . . . Hover 5 | . . . . . . 1 . . . . 4 Flight 6 | . . . . . . 1 3 . 2 . . Utility 43 | 1 6 1 1 3 3 4 14 1 . 3 6 Device 13 | . 1 1 . . . 4 4 . . 1 2 Storage 8 | 1 3 . . 2 . . 1 . . . 1 Processor 3 | . . . . . . . 2 . . 1 . Hackware 4 | . . . . . 1 . 3 . . . . Protection 15 | . 2 . 1 1 2 . 4 1 . 1 3 Artifact . | . . . . . . . . . . . . Weapon 23 | 2 1 1 3 3 5 2 3 . 2 1 . Energy Gun 5 | . . . . . 3 1 1 . . . . Energy Cannon 2 | . . . . . 1 1 . . . . . Ballistic Gun 6 | 2 1 . 1 1 . . 1 . . . . Ballistic Cannon 1 | . . . 1 . . . . . . . . Launcher 2 | . . 1 1 . . . . . . . . Special Weapon 1 | . . . . . . . 1 . . . . Impact Weapon 2 | . . . . 2 . . . . . . . Slashing Weapon 4 | . . . . . 1 . . . 2 1 . Piercing Weapon . | . . . . . . . . . . . . Special Melee Weapon . | . . . . . . . . . . . . Unidentified Prototypes 14 | . . 1 . . 2 2 1 . . . 8 Parts Lost 28 | . . . 1 . . . 8 1 . . 18 Power 5 | . . . . . . . 2 1 . . 2 Propulsion 9 | . . . . . . . 2 . . . 7 Utility 9 | . . . . . . . 3 . . . 6 Weapon 5 | . . . 1 . . . 1 . . . 3 Highest Loss Streak 12 | . . . 1 . . . 7 1 . . 12 To Critical Strikes . | . . . . . . . . . . . . Average Backups 16 | 3 12 14 14 20 15 16 17 8 9 9 7 Power . | . . . . . . . . . . 1 . Propulsion 3 | 2 2 4 4 5 1 2 4 . . 2 2 Utility 8 | . 4 5 6 11 10 9 9 6 6 4 4 Weapon 2 | . 3 5 4 2 2 3 2 1 2 2 1 Tool/Special . | . . . . . . . . . . . . Unused Backups 65 | . 9 1 . 8 7 15 17 1 1 . 6 Power 6 | . 1 . . . . 2 2 1 . . . Propulsion 13 | . 2 . . 1 1 3 3 . . . 3 Utility 34 | . 3 1 . 4 5 7 10 . 1 . 3 Weapon 9 | . 2 . . 2 . 3 2 . . . . Tool/Special 3 | . 1 . . 1 1 . . . . . . Average Slot Usage (%) 85 | . 98 100 100 79 78 85 82 80 80 80 73 Engine 7 | . 14 14 14 6 . 6 5 1 . . . Reactor 1 | . . . . . . 5 5 . . . 1 Treads 7 | . 14 14 14 6 . 11 2 . . . . Wheel 10 | . 12 14 14 15 19 2 8 . . . . Flight 3 | . . . . . . . 1 26 26 26 15 Device 7 | . 2 . 9 7 5 12 10 8 7 9 1 Storage 10 | . 14 14 14 13 6 6 6 6 6 6 8 Processor 1 | . . . . . . . . 6 6 7 12 Hackware 3 | . . . . . 6 6 9 13 11 6 3 Protection 7 | . 11 14 4 1 18 12 9 3 6 7 8 Energy Gun 2 | . . . . . 6 6 8 . . . . Energy Cannon 1 | . . . . . . 5 2 . . . . Ballistic Gun 7 | . 28 27 22 3 5 . . . . . . Ballistic Cannon 2 | . . . 4 6 . . . . . . . Launcher 1 | . . . . 4 . . . . . . 1 Impact Weapon 3 | . . . . 11 4 . . . . . . Slashing Weapon 2 | . . . . . 1 6 5 5 6 6 1 Peak Build Rating 79 | 5 11 18 14 30 50 79 79 58 62 53 75 Average Rating 35 | 3 9 11 12 18 44 70 68 52 51 49 56 On Entrance 32 | . 5 10 12 14 30 50 68 52 52 49 51 Avg Prop Armor Cover (%) 10 | . 9 9 11 12 6 9 12 . . . 2 Naked Turns . | . . . . . . . . . . . . Heaviest Build 207 | 12 32 32 36 207 70 88 96 23 23 23 37 Greatest Support 140 | 10 40 12 12 28 28 140 56 23 23 23 39 Greatest Overweight (x) 7 | 1 2 2 2 7 2 2 3 . . . 2 Average Overweight (x) 1 | . 1 2 2 3 1 . 1 . . . . Largest Inventory Capacity 35 | 8 15 15 15 35 35 20 20 10 10 10 10 Average Capacity 18 | 7 12 15 15 24 20 20 19 10 10 10 9 Most Carried 35 | 6 15 15 15 35 34 20 20 10 10 10 10 Average Carried 17 | 3 12 15 14 22 20 18 19 9 9 9 9 Final Capacity 35 | 8 15 15 15 35 20 20 10 10 10 10 5 Final Carried 35 | 6 15 15 15 35 20 20 10 10 10 10 2 Class Distribution -------------------- 53% | Mutant 20% | Scavenger-Mutant 11% | Hauler-Mutant 6% | Hacker-Mutant 6% | Scavenger-Sprinter Dominant Class ---------------- Mutant | -10/Materials Mutant | -10/Mines Mutant | -10/Subcaves Mutant | -9/Scraptown Mutant | -6/Factory Scavenger-Mutant | -6/Waste Hacker-Mutant | -6/Factory Scavenger-Sprinter | -6/Lower Caves Hacker-Sprinter | -6/Lower Caves Scavenger-Sprinter | -6/Zion Scavenger-Mutant | -6/Deep Caves Resources | -11 -10 -10 -10 -9 -6 -6 -6 -6 -6 -6 -6 ----------- Run | Yrd Mat Min Sub Scr Fac Was Fac Low Low Zio Dee Matter Collected 4248 | 223 602 253 207 320 260 1179 497 204 269 70 164 Remotely 1069 | . . . . . . 1069 . . . . . Salvage Created 2307 | 22 678 12 118 . 293 240 827 42 . . 75 Parts 126 | 3 41 6 12 . 13 13 31 2 . . 5 Haulers Intercepted 1 | . 1 . . . . . . . . . . Recyclers Shooed 5 | . . . . . 5 . . . . . . Parts Field Recycled . | . . . . . . . . . . . . Retrieved Matter . | . . . . . . . . . . . . Parts Self-Destructed 36 | . . . 12 . . . . 5 19 . . Prevented 4 | . . . . . . . . 4 . . . Parts Restored . | . . . . . . . . . . . . Kills | -11 -10 -10 -10 -9 -6 -6 -6 -6 -6 -6 -6 ------- Run | Yrd Mat Min Sub Scr Fac Was Fac Low Low Zio Dee Combat Hostiles Destroyed 43 | . 14 3 5 . 3 . 13 3 . . 2 Melee 3 | . . . . . . . 2 1 . . . Guns 20 | . 14 . 2 . 1 . 3 . . . . Cannons 4 | . . . . . . . 4 . . . . AOE 15 | . . 3 3 . 2 . 3 2 . . 2 Classes Destroyed 13 | 1 6 . 2 . . 1 2 . . . 1 Tunneler 3 | 1 1 . . . 1 . . . . . . Hauler 1 | . 1 . . . . . . . . . . Recycler 4 | . 1 . . . 2 . 1 . . . . Operator 4 | . 3 . . . . . 1 . . . . Watcher 3 | . 2 . . . . . 1 . . . . Swarmer 14 | . 3 3 2 . 3 . . 3 . . . Grunt 19 | . 11 . . . . . 8 . . . . Sentry 3 | . . . 1 . . . 2 . . . . Hunter 1 | . . . . . . . 1 . . . . Programmer 2 | . . . . . . . 2 . . . . Subdweller 2 | . . . 2 . . . . . . . . Scrapoid 3 | . . . . . . 3 . . . . . Z-Light 2 | . . . . . . . . . . . 2 Best Kill Streak 5 | 1 3 3 3 . 3 . 5 3 . . 2 Combat Bots Only 4 | . 3 3 3 . 3 . 4 3 . . 2 Max Kills in Single Turn 3 | 1 1 3 2 . 1 1 2 2 . . 1 Gunslinging . | . . . . . . . . . . . . Exploded 3 | . . 3 2 . 1 . 2 2 . . 1 Melee 1 | . . . . . . . 1 1 . . . Uniques/NPCs Destroyed 1 | . . . . . . . . . . . 1 Z-Imprinter (-6/Deep Caves) Combat | -11 -10 -10 -10 -9 -6 -6 -6 -6 -6 -6 -6 -------- Run | Yrd Mat Min Sub Scr Fac Was Fac Low Low Zio Dee Hostile Shots Fired 364 | . 70 4 32 . 22 . 120 15 9 . 92 Missed 129 | . 21 1 10 . 8 . 44 8 7 . 30 Hits 235 | . 49 3 22 . 14 . 76 7 2 . 62 Projectile 235 | . 49 3 22 . 14 . 76 7 2 . 62 Critical Strikes 6 | . . . . . . . 6 . . . . Damage Taken 4891 | . 542 67 292 . 213 . 1699 109 16 . 1953 Core 978 | . 46 . 58 . 15 . 172 . 11 . 676 Absorbed by Shields . | . . . . . . . . . . . . Redirected to Shielding 109 | . . . . . . . 10 . 3 . 96 Regen/Repaired (Parts) 420 | . . . . . . 303 117 . . . . Core Remaining (%) 79 | 100 . . . 58 . . . . . . . Volleys Fired 179 | 2 75 3 29 . 17 . 34 8 . . 11 Largest 2 | 2 2 2 2 . 2 . 2 1 . . 1 Hottest 155 | 40 50 40 53 . 124 . 155 33 . . 94 Shots Fired 300 | 4 150 5 40 . 27 . 55 8 . . 11 Gun 245 | 4 150 4 30 . 25 . 32 . . . . Cannon 32 | . . . 7 . . . 19 . . . 6 Launcher 23 | . . 1 3 . 2 . 4 8 . . 5 Special . | . . . . . . . . . . . . Kinetic 208 | 4 150 4 37 . 13 . . . . . . Thermal 27 | . . . . . 12 . 15 . . . . Explosive 23 | . . 1 3 . 2 . 4 8 . . 5 Electromagnetic 42 | . . . . . . . 36 . . . 6 Robot Hit Streak 9 | 4 9 1 5 . 6 . 6 . . . 4 Robot Miss Streak 6 | . 3 1 1 . 2 . 6 . . . 1 Penetration Max . | . . . . . . . . . . . . Secondary Targets 1 | . 1 . . . . . . . . . . Max Gunslinging Chain 1 | . 1 . . . . . . . . . . Shots Hit Robots 185 | 4 89 2 16 . 18 7 38 3 . . 8 Core Hits 116 | 2 35 3 8 . 10 3 46 4 . . 5 Critical Kills . | . . . . . . . . . . . . Critical Parts Destroyed 1 | . 1 . . . . . . . . . . Critical Strikes 5 | . 1 . . . . . 4 . . . . Burn 2 | . . . . . . . 2 . . . . Destroy 1 | . 1 . . . . . . . . . . Corrupt 2 | . . . . . . . 2 . . . . Melee Attacks 37 | . . . . . 6 7 16 5 . 1 2 Impact 4 | . . . . . 4 . . . . . . Slashing 33 | . . . . . 2 7 16 5 . 1 2 Piercing . | . . . . . . . . . . . . Sneak Attacks 13 | . . . . . 2 7 3 . . . 1 Combat Hostiles 1 | . . . . . . . . . . . 1 Follow-up Attacks . | . . . . . . . . . . . . Damage Inflicted 6079 | 49 1251 176 463 . 589 476 2269 257 . . 549 Guns 2289 | 49 1251 28 201 . 340 . 420 . . . . Cannons 568 | . . . 21 . . . 443 . . . 104 Explosions 1900 | . . 148 241 . 115 . 902 131 . . 363 Melee 1322 | . . . . . 134 476 504 126 . . 82 Ramming . | . . . . . . . . . . . . Kinetic 1781 | 49 1251 28 222 . 231 . . . . . . Thermal 377 | . . . . . 109 . 268 . . . . Explosive 1628 | . . 148 241 . 115 . 630 131 . . 363 Electromagnetic 971 | . . . . . . . 867 . . . 104 Impact . | . . . . . . . . . . . . Slashing 1322 | . . . . . 134 476 504 126 . . 82 Piercing . | . . . . . . . . . . . . Highest Corruption 6 | . . . . . . . 6 6 6 6 . Average Corruption 4 | . . . . . . . 4 6 6 6 . Corruption Purged . | . . . . . . . . . . . . Corruption Blocked . | . . . . . . . . . . . . Effects 55 | . . . . . . . 28 17 10 . . Message Errors 17 | . . . . . . . 7 6 4 . . Matter Fused 14 | . . . . . . . 6 6 2 . . Heat Flow Errors 5 | . . . . . . . 4 1 . . . Energy Discharges 7 | . . . . . . . 2 3 2 . . Parts Rejected 1 | . . . . . . . 1 . . . . Parts Fused 1 | . . . . . . . 1 . . . . Data Loss (minor) 6 | . . . . . . . 3 1 2 . . Misfires 4 | . . . . . . . 4 . . . . Overload Shots . | . . . . . . . . . . . . Overflow Damage 210 | . . . 21 . . . 136 21 . . 32 Projectiles 25 | . . . . . . . 25 . . . . Explosions 21 | . . . 21 . . . . . . . . Melee 164 | . . . . . . . 111 21 . . 32 Knockbacks . | . . . . . . . . . . . . Impact . | . . . . . . . . . . . . Kinetic . | . . . . . . . . . . . . Secondary . | . . . . . . . . . . . . Self-Inflicted Damage 127 | . . 36 . . . . 31 . . . 60 Shots 6 | . . 1 . . . . 2 . . . 3 Rammed . | . . . . . . . . . . . . Targets Rammed . | . . . . . . . . . . . . Kicked . | . . . . . . . . . . . . Crushed . | . . . . . . . . . . . . Highest Temperature 367 | . 3 . . . 72 . 367 203 . . 170 Average Temperature 87 | . 3 . . . 19 . 108 69 . . 80 Received Heat Transfer 1474 | . 255 6 42 . . . 589 . 6 . 576 Effects 5 | . . . . . . . 5 . . . . Shutdowns 1 | . . . . . . . 1 . . . . Interference 3 | . . . . . . . 3 . . . . Matter Decay 1 | . . . . . . . 1 . . . . Siege Activations . | . . . . . . . . . . . . Martial Activations . | . . . . . . . . . . . . Shielding Activations . | . . . . . . . . . . . . Robots Disrupted 1 | . . . . . . . 1 . . . . Combat Hostiles 1 | . . . . . . . 1 . . . . Robots Corrupted 1 | . . . . . . . 1 . . . . Combat Hostiles 1 | . . . . . . . 1 . . . . Parts Fried 4 | . . . . . . . 4 . . . . Impact Corruptions . | . . . . . . . . . . . . Robots Melted . | . . . . . . . . . . . . Combat Hostiles . | . . . . . . . . . . . . Parts Melted . | . . . . . . . . . . . . Heat Transferred 790 | . . . . . 222 . 568 . . . . Parts Sabotaged . | . . . . . . . . . . . . Parts Stolen . | . . . . . . . . . . . . Parts Stripped . | . . . . . . . . . . . . Power Chain Reactions 1 | . . . . . . . 1 . . . . Alert | -11 -10 -10 -10 -9 -6 -6 -6 -6 -6 -6 -6 ------- Run | Yrd Mat Min Sub Scr Fac Was Fac Low Low Zio Dee Maximum Alert Level 5 | . . . . . . . 5 . . . . Low Security (%) 85 | 100 100 100 . . 100 100 30 . . . . Level 1 . | . . . . . . . 4 . . . . Level 2 5 | . . . . . . . 26 . . . . Level 3 1 | . . . . . . . 8 . . . . Level 4 3 | . . . . . . . 17 . . . . Level 5 2 | . . . . . . . 12 . . . . High Security . | . . . . . . . . . . . . Max Security . | . . . . . . . . . . . . Peak Influence 1650 | 5 139 150 . . 84 12 1650 . . . . Initial 34 | . . 34 . . . . . . . . . Average 166 | 1 50 38 . . 17 . 725 . . . . Influence Increases 3483 | 5 489 136 74 . 113 12 2554 70 30 . . Destroy 0b10 Robot/C 1480 | . 280 100 60 . 60 . 920 60 . . . Destroy 0b10 Robot/NC 115 | 5 40 . . . 15 . 55 . . . . Destroy Leader 344 | . 76 20 10 . 10 . 218 10 . . . Allied During Kill 676 | . . 6 4 . . . 666 . . . . Successful Hack 22 | . . . . . . . 22 . . . . Select Force Hacks 30 | . 30 . . . . . . . . . . Disable Machine 240 | . 15 . . . . . 225 . . . . Anti-Garrison Action 150 | . . . . . . . 150 . . . . Destroy Structure 261 | . 3 10 . . 13 12 223 . . . . Lose Combat Pursuer 165 | . 45 . . . 15 . 75 . 30 . . Influence Decreases 3483 | 5 401 224 74 . 113 12 948 843 357 506 . Entered New Map 1314 | . . 54 . . . . . 595 159 506 . Time Decay 1679 | 5 401 170 74 . 113 12 468 238 198 . . Lost Part 90 | . . . . . . . 80 10 . . . Lost Ally 250 | . . . . . . . 250 . . . . Purge Threat 150 | . . . . . . . 150 . . . . Squads Dispatched 31 | . 6 . . . 1 . 24 . . . . Investigation 8 | . 2 . . . . . 6 . . . . Extermination 3 | . . . . . . . 3 . . . . Reinforcement 12 | . 4 . . . 1 . 7 . . . . Assault 4 | . . . . . . . 4 . . . . Garrison 4 | . . . . . . . 4 . . . . Intercept . | . . . . . . . . . . . . Searches Triggered . | . . . . . . . . . . . . Construction Impeded 3 | . . . . . 1 . 2 . . . . Haulers Reinforced 1 | . . . . . . . 1 . . . . Active Scanning Responses . | . . . . . . . . . . . . Cargo Convoy Interrupts . | . . . . . . . . . . . . Stealth | -11 -10 -10 -10 -9 -6 -6 -6 -6 -6 -6 -6 --------- Run | Yrd Mat Min Sub Scr Fac Was Fac Low Low Zio Dee Distress Signals 5 | . 3 . . . . . 2 . . . . Communications Jammed . | . . . . . . . . . . . . Distress Signals . | . . . . . . . . . . . . Times Spotted 128 | . 29 5 11 . 4 . 61 4 5 . 9 Peak Tracking Total 12 | . 3 3 5 . 3 . 12 3 3 . 5 Tactical Retreats 13 | . 3 . . . 1 . 7 . 1 . 1 ECM-based Alert Blocks 15 | . . . . . . . 15 . . . . Traps | -11 -10 -10 -10 -9 -6 -6 -6 -6 -6 -6 -6 ------- Run | Yrd Mat Min Sub Scr Fac Was Fac Low Low Zio Dee Traps Triggered 6 | . 2 . . . 1 . 3 . . . . Indirectly . | . . . . . . . . . . . . Trap Hack Attempts . | . . . . . . . . . . . . Triggered . | . . . . . . . . . . . . Disarmed . | . . . . . . . . . . . . Reprogrammed . | . . . . . . . . . . . . Reused . | . . . . . . . . . . . . Traps Extracted . | . . . . . . . . . . . . Installed 2 | . . 2 . . . . . . . . . Triggered . | . . . . . . . . . . . . Most Traps Carried 1 | . . 1 . . . . . . . . . Machines | -11 -10 -10 -10 -9 -6 -6 -6 -6 -6 -6 -6 ---------- Run | Yrd Mat Min Sub Scr Fac Was Fac Low Low Zio Dee Machines Disabled 17 | . 1 . . . . . 16 . . . . Max in Single Turn 1 | . 1 . . . . . 1 . . . . Garrison Access 1 | . . . . . . . 1 . . . . Machines Repaired . | . . . . . . . . . . . . Machines Dismantled . | . . . . . . . . . . . . Machines Sabotaged . | . . . . . . . . . . . . Overloaded Fab Kills . | . . . . . . . . . . . . Hacking | -11 -10 -10 -10 -9 -6 -6 -6 -6 -6 -6 -6 --------- Run | Yrd Mat Min Sub Scr Fac Was Fac Low Low Zio Dee Machines Accessed 27 | . 8 1 . 4 2 . 11 . 1 . . Terminals 12 | . 5 . . . . . 7 . . . . Fabricators . | . . . . . . . . . . . . Repair Stations 2 | . 1 . . . . . 1 . . . . Recycling Units 5 | . 2 . . . . . 3 . . . . Scanalyzers 2 | . . . . . 2 . . . . . . Garrison Access . | . . . . . . . . . . . . Total Hacks 82 | . 19 1 . 28 3 . 30 . 1 . . Successful 54 | . 4 1 . 28 . . 20 . 1 . . Failed 28 | . 15 . . . 3 . 10 . . . . Catastrophic 2 | . 1 . . . . . 1 . . . . Database Lockouts . | . . . . . . . . . . . . Manual 37 | . 10 . . . . . 21 . . 6 . Terminals 30 | . 10 . . . . . 20 . . . . Fabricators . | . . . . . . . . . . . . Repair Stations 4 | . 2 . . . . . 2 . . . . Recycling Units 15 | . 7 . . . . . 8 . . . . Scanalyzers 3 | . . . . . 3 . . . . . . Garrison Access . | . . . . . . . . . . . . Terminal Hacks 36 | . 1 1 . 28 . . 5 . 1 . . Record 21 | . . . . 21 . . . . . . . Robot Analysis 6 | . . . . 6 . . . . . . . Prototype ID Bank 1 | . . . . . . . 1 . . . . Open Door 2 | . . 1 . . . . . . 1 . . Open DSF 1 | . . . . . . . 1 . . . . Branch Access Points 1 | . . . . . . . 1 . . . . Unreport Threat 1 | . . . . . . . 1 . . . . Locate Traps 1 | . . . . . . . 1 . . . . Hauler Manifests 1 | . 1 . . . . . . . . . . Proto ID Catalog 1 | . . . . 1 . . . . . . . Fabricator Hacks . | . . . . . . . . . . . . Repair Station Hacks . | . . . . . . . . . . . . Recycling Unit Hacks 2 | . 1 . . . . . 1 . . . . Retrieve Components 2 | . 1 . . . . . 1 . . . . Scanalyzer . | . . . . . . . . . . . . Garrison Access Hacks . | . . . . . . . . . . . . Unauthorized Hacks 16 | . 2 . . . . . 14 . . . . Terminals 10 | . . . . . . . 10 . . . . Assimilate 2 | . . . . . . . 2 . . . . Botnet 3 | . . . . . . . 3 . . . . Skim 5 | . . . . . . . 5 . . . . Fabricators . | . . . . . . . . . . . . Repair Stations 2 | . 1 . . . . . 1 . . . . Mechanics 1 | . 1 . . . . . . . . . . Patch 1 | . . . . . . . 1 . . . . Recycling Units 4 | . 1 . . . . . 3 . . . . Tunnel 1 | . 1 . . . . . . . . . . Fedlink 3 | . . . . . . . 3 . . . . Scanalyzers . | . . . . . . . . . . . . Garrison Access . | . . . . . . . . . . . . Data Cores Recovered . | . . . . . . . . . . . . Used . | . . . . . . . . . . . . Hacking Detections 15 | . 7 . . . 2 . 6 . . . . Full Trace Events 2 | . 1 . . . . . 1 . . . . Feedback Events . | . . . . . . . . . . . . Feedback Blocked . | . . . . . . . . . . . . Robot Schematics Acquired 4 | . . . . . . . . . . 4 . Robots Built . | . . . . . . . . . . . . Authchips . | . . . . . . . . . . . . Time . | . . . . . . . . . . . . Total Robot Build Rating . | . . . . . . . . . . . . Part Schematics Acquired 14 | . . . . . . . . . . 14 . Parts Built . | . . . . . . . . . . . . Authchips . | . . . . . . . . . . . . Time . | . . . . . . . . . . . . Total Part Build Rating . | . . . . . . . . . . . . Part Studies Acquired . | . . . . . . . . . . . . Parts Repaired . | . . . . . . . . . . . . Time . | . . . . . . . . . . . . Parts Recycled . | . . . . . . . . . . . . Recycled Matter . | . . . . . . . . . . . . Retrieved Matter . | . . . . . . . . . . . . Retrieved Components 10 | . 10 . . . . . . . . . . Parts Scanalyzed . | . . . . . . . . . . . . Part Schematics Acquired . | . . . . . . . . . . . . Parts Damaged . | . . . . . . . . . . . . Bothacking | -11 -10 -10 -10 -9 -6 -6 -6 -6 -6 -6 -6 ------------ Run | Yrd Mat Min Sub Scr Fac Was Fac Low Low Zio Dee Used RIF Installer . | . . . . . . . . . . . . Robots Hacked . | . . . . . . . . . . . . Non-combat . | . . . . . . . . . . . . Combat . | . . . . . . . . . . . . Robot Hacks Applied . | . . . . . . . . . . . . Relay Couplers Released 3 | . . . . . . . 3 . . . . Machine Destruction 3 | . . . . . . . 3 . . . . Fabnet Peak Effective % . | . . . . . . . . . . . . Robots Rewired . | . . . . . . . . . . . . Allies Hacked . | . . . . . . . . . . . . Hacks Repelled . | . . . . . . . . . . . . Allies | -11 -10 -10 -10 -9 -6 -6 -6 -6 -6 -6 -6 -------- Run | Yrd Mat Min Sub Scr Fac Was Fac Low Low Zio Dee Total Allies 29 | . . 2 . . . 24 1 . . 2 . Largest Group 23 | . . 2 1 1 . 23 21 . . 2 2 Highest-Rated Group 796 | . . 54 31 31 . 796 776 . . 192 192 Highest-Rated Ally 121 | . . 31 31 31 . 121 121 . . 96 96 Total Orders 13 | . . . . . . . . 11 2 . . ROAM 2 | . . . . . . . . 2 . . . EXPLORE 4 | . . . . . . . . 3 1 . . RETURN 7 | . . . . . . . . 6 1 . . Ally Attacks 207 | . . 5 22 . . 4 158 . . . 18 Total Damage 8073 | . . 82 297 . . 328 6852 . . . 514 Kills 49 | . . 2 1 . . 1 44 . . . 1 Allies Corrupted 1 | . . . . . . . 1 . . . . Allies Melted 3 | . . . . . . . 2 . . . 1 Intel | -11 -10 -10 -10 -9 -6 -6 -6 -6 -6 -6 -6 ------- Run | Yrd Mat Min Sub Scr Fac Was Fac Low Low Zio Dee Active Infowar (turns) 8043 | . 279 2 407 2334 523 1924 1055 479 291 381 368 Seismic 7512 | . 279 2 407 2334 523 1924 963 479 291 310 . Decoding 481 | . . . . . . . . . . 113 368 ECM 92 | . . . . . . . 92 . . . . Robot Analysis Total 6 | . . . . 6 . . . . . . . Derelict Logs Recovered 10 | . . 2 1 2 . . . 2 3 . . Drone Launches 8 | . . . . . . . . 7 1 . . Drone Recoveries 8 | . . . . . . . . 7 1 . . Exploration | -11 -10 -10 -10 -9 -6 -6 -6 -6 -6 -6 -6 ------------- Run | Yrd Mat Min Sub Scr Fac Was Fac Low Low Zio Dee Turns Passed 13210 | 63 1682 710 602 4387 525 2224 1331 502 415 381 388 Spaces Moved 10407 | 50 992 565 422 2853 240 1293 1053 625 588 1195 531 Core 100 | 8 . . . 78 . . . . . . 14 Treads 1159 | . 66 . . . . 1093 . . . . . Legs 10 | . . . . . . . . . . . 10 Wheels 6034 | 42 926 565 422 2775 240 200 864 . . . . Hover 262 | . . . . . . . . . . . 262 Flight 2842 | . . . . . . . 189 625 588 1195 245 Fastest Speed 27 | 50 95 120 120 50 115 108 27 27 27 29 27 Average Speed 105 | 85 116 120 120 149 129 153 105 27 27 29 44 Slowest Speed 205 | 95 160 120 120 205 130 160 145 27 29 29 180 Overloaded Moves . | . . . . . . . . . . . . Propulsion Burnouts . | . . . . . . . . . . . . Robots Hopped 2 | . . . . . . . 2 . . . . Potential Cave-ins . | . . . . . . . . . . . . Cave-ins Triggered . | . . . . . . . . . . . . Exploration Rate (%) 59 | 3 98 97 34 94 4 89 34 69 68 85 41 Regions Visited 11 Branch Regions 7 Pre-discovered Areas 11 | . 1 1 1 6 . . 1 . . 1 . Known Exits Taken 3 | . . . . 1 . . 1 . 1 . . Unknown Exits Taken 6 | 1 1 1 1 . . . . 1 . 1 . Scrap Searched 17 | . . 1 . 8 . . . 3 1 4 . Spaces Dug 33 | . . 12 . . 4 . 4 13 . . . Terrain Destroyed 193 | . 2 12 24 . 13 . 24 96 . . 22 Melee 10 | . . . . . 4 . 4 2 . . . Projectile 2 | . 2 . . . . . . . . . . AOE 181 | . . 12 24 . 9 . 20 94 . . 22 Terrain Rammed . | . . . . . . . . . . . . Walls Destroyed . | . . . . . . . . . . . . Machines Disabled . | . . . . . . . . . . . . Actions | -11 -10 -10 -10 -9 -6 -6 -6 -6 -6 -6 -6 --------- Run | Yrd Mat Min Sub Scr Fac Was Fac Low Low Zio Dee Total 12332 | 64 1367 592 476 3007 419 1536 1200 937 836 1227 671 Wait 1161 | . 250 10 8 28 127 133 4 269 229 19 84 Move 10393 | 49 991 564 421 2852 240 1292 1048 624 587 1194 531 Hop 2 | . . . . . . . 2 . . . . Pick Up 169 | 8 20 2 3 66 7 29 17 2 4 2 9 Fast Attach 46 | 3 1 2 . 4 2 9 9 1 3 2 10 Attach 56 | 2 2 . 1 5 9 6 18 4 . . 9 Detach 25 | . . 1 . 7 . 2 8 4 . . 3 Swap 88 | . 15 4 11 4 5 9 13 17 6 4 . Drop 152 | . 13 4 3 41 6 38 21 3 6 5 12 Fire 179 | 2 75 3 29 . 17 . 34 8 . . 11 Melee 37 | . . . . . 6 7 16 5 . 1 2 Ram . | . . . . . . . . . . . . Kick . | . . . . . . . . . . . . Crush . | . . . . . . . . . . . . Escape Stasis 8 | . . . . . . . 8 . . . . Rewire 11 | . . . . . . 11 . . . . . Trap 2 | . . 2 . . . . . . . . . Miscellaneous 3 | . . . . . . . 2 . 1 . . Route ------- -11/Scrapyard -10/Materials (discovered 5 exits: [*Mat x3] / *Min / [*Sub]) -10/Mines (discovered 3 exits: [*Mat x2] / [*Sub]) -10/Subcaves (discovered 3 exits: [*Mat] / [*Rec] / *Scr) -9/Scraptown (discovered 2 exits: *Fac x2) -6/Factory (discovered 7 exits: Fac x3 / Low x2 / Ext x2) -6/Waste -6/Factory (discovered 6 exits: *Fac x2 / *Low x2 / Ext x2) -6/Lower Caves -6/Lower Caves (discovered 2 exits: *Fac / *Zio) -6/Zion (discovered 2 exits: [*Dee] / *Pro) -6/Deep Caves (discovered 1 exit: Pro) History --------- Turn | Location | Event 5 | -11/Scrapyard | Discovered new exit (range 15) 64 | -11/Scrapyard | Entered Materials 307 | -10/Materials | Build established: Mutant 492 | -10/Materials | Discovered new exit (range 3) 564 | -10/Materials | Derelicts attacked the area 696 | -10/Materials | Discovered new exit (range 14) 719 | -10/Materials | Discovered new exit (range 13) 881 | -10/Materials | Discovered new exit (range 14) 949 | -10/Materials | Discovered new exit (range 10) 1746 | -10/Materials | Entered Mines 1788 | -10/Mines | Met a Derelict bent on vengeance 1805 | -10/Mines | Discovered new exit (range 6) 1838 | -10/Mines | Found a hidden stash of uninstalled traps 1892 | -10/Mines | Discovered new exit (range 4) 1936 | -10/Mines | Learned Materials trap positions 2033 | -10/Mines | Learned location of Storage (-9) 2121 | -10/Mines | Discovered new exit (range 6) 2350 | -10/Mines | Found the Drone Emporium 2355 | -10/Mines | Found Prototype Device 2355 | -10/Mines | Identified Sensor Drone Bay 2456 | -10/Mines | Entered Subcaves 2456 | -10/Subcaves | Accompanied by 1 ally 2457 | -10/Subcaves | Approached by a straggling Scientist 2461 | -10/Subcaves | Led the pair of lost Derelicts to an unsafe place 2467 | -10/Subcaves | Shifting Twisted Machinery released Battle Cannon 2474 | -10/Subcaves | Shifting Twisted Machinery released Shrapnel Trap 2734 | -10/Subcaves | Learned location of Zion (-6) 3051 | -10/Subcaves | Discovered new exit (range 13) 3056 | -10/Subcaves | Scientist uncovered a shortcut to Scraptown 3057 | -10/Subcaves | Discovered new exit (range 14) 3058 | -10/Subcaves | Entered Scraptown 3058 | -9/Scraptown | Accompanied by 1 ally 3088 | -9/Scraptown | Led the pair of lost Derelicts to a safe place 3232 | -9/Scraptown | Visited Assassins FH 3241 | -9/Scraptown | Visited Bundlers 3275 | -9/Scraptown | Visited UFD Registry 3275 | -9/Scraptown | Registered with UFD as "Pipedome" 3283 | -9/Scraptown | Visited Symbiants 3312 | -9/Scraptown | Visited Fellowship of the Rings 3326 | -9/Scraptown | Visited Comm Corps 3402 | -9/Scraptown | Scanned Subdweller tech in exchange for log data 3406 | -9/Scraptown | Learned Research stockpile data 3419 | -9/Scraptown | Discovered new exit (range 11) 3680 | -9/Scraptown | Guru changed UFD alias to "Pipekit" 3770 | -9/Scraptown | Visited Spacefarers 3857 | -9/Scraptown | Visited SPCMW 4494 | -9/Scraptown | Visited Junk Repository 4542 | -9/Scraptown | Visited Scrapoid Research Area 4584 | -9/Scraptown | Visited Botcube Research 4768 | -9/Scraptown | Visited Analyses Database 4799 | -9/Scraptown | Visited Supply Room 4843 | -9/Scraptown | Visited Scrapoid Pod Storage 4861 | -9/Scraptown | Visited Science Guys 5027 | -9/Scraptown | Visited Derelict Rescue Squad 5049 | -9/Scraptown | Found DRS Beacon 5083 | -9/Scraptown | Visited Chapter 10 5125 | -9/Scraptown | Visited Cartography Club 5159 | -9/Scraptown | Found Surveybot 17 Chip 5180 | -9/Scraptown | Learned location of Lower Caves (-6) 5180 | -9/Scraptown | Learned location of Upper Caves (-4) 5180 | -9/Scraptown | Learned location of Cetus (-6) 5180 | -9/Scraptown | Learned 8 Materials zone layouts 5180 | -9/Scraptown | Learned 12 Factory zone layouts 5180 | -9/Scraptown | Learned 16 Factory zone layouts 5180 | -9/Scraptown | Learned 20 Factory zone layouts 5180 | -9/Scraptown | Learned 16 Research zone layouts 5180 | -9/Scraptown | Learned 8 Access zone layouts 5180 | -9/Scraptown | Learned 20 Upper Caves zone layouts 5180 | -9/Scraptown | Learned 4 Armory zone layouts 5180 | -9/Scraptown | Learned Research emergency access door positions 5180 | -9/Scraptown | Learned location of 2 exits from Research 5180 | -9/Scraptown | Learned location of 3 exits from Upper Caves 5180 | -9/Scraptown | Identified exit to Factory 5186 | -9/Scraptown | Found Deep Structural Scanner 6195 | -9/Scraptown | Found Lrg. Botcube 6258 | -9/Scraptown | Build established: Hauler-Mutant 6661 | -9/Scraptown | Found Scrapoid Pod 7334 | -9/Scraptown | Met Optimus 7334 | -9/Scraptown | Accepted into 0bPrime 7445 | -9/Scraptown | Entered Factory 7445 | -6/Factory | Evolved 8 slots: Power x1, Propulsion x2, Utility x4, Weapon x1 7446 | -6/Factory | Identified exit to Factory 7446 | -6/Factory | Identified exit to Lower Caves 7446 | -6/Factory | Identified exit to Extension 7734 | -6/Factory | Build established: Mutant 7970 | -6/Factory | Sucked down chute 7970 | -6/Factory | Entered Waste 7971 | -6/Waste | Joined by Warlord forces that had cleared the area 8180 | -6/Waste | Scrapoid Pod released 06W04-D (x5) 8190 | -6/Waste | A Compactor rumbled back to life 8190 | -6/Waste | Spotted C-40 Crusher 8192 | -6/Waste | Allies destroyed C-40 Crusher 8527 | -6/Waste | Build established: Scavenger-Mutant 8693 | -6/Waste | Found Scrap Suit 9813 | -6/Waste | Lrg. Botcube activated 9841 | -6/Waste | Lrg. Botcube completed mutation into wheeled form, armed with 3 cannons. 10079 | -6/Waste | Discovered new exit (range 10) 10194 | -6/Waste | Entered Factory 10194 | -6/Factory | Accompanied by 21 allies 10194 | -6/Factory | Discovered exit to Lower Caves (range 10) 10209 | -6/Factory | Identified exit to DSF 10313 | -6/Factory | Garrison activated, responded to threat 10502 | -6/Factory | Lost 3 allies 10684 | -6/Factory | Discovered exit to Factory (range 14) 10884 | -6/Factory | Loaded intel: 8 recycling unit locations 10894 | -6/Factory | First assault squad dispatched 10918 | -6/Factory | Learned location of Protoforge (-2) 10972 | -6/Factory | Lost 4 allies 11049 | -6/Factory | Discovered exit to Factory (range 13) 11175 | -6/Factory | Build established: Hacker-Mutant 11290 | -6/Factory | Lost 3 allies 11444 | -6/Factory | Lost 7 parts (2p2n2u1w) 11525 | -6/Factory | Entered Lower Caves 11703 | -6/Lower Caves | Spotted B-75 Beast 11849 | -6/Lower Caves | Learned location of 1 exit from Factory 12016 | -6/Lower Caves | Discovered new exit (range 10) 12019 | -6/Lower Caves | Learned location of 1 exit from Factory 12027 | -6/Lower Caves | Entered another Lower Caves area 12034 | -6/Lower Caves | Activated DRS Beacon 12077 | -6/Lower Caves | Discovered exit to Factory (range 14) 12165 | -6/Lower Caves | Encountered a Warlord checkpoint 12172 | -6/Lower Caves | Identified exit to Zion 12339 | -6/Lower Caves | Attracted the attention of an 0b10 outpost 12397 | -6/Lower Caves | Learned Factory terminal intel 12440 | -6/Lower Caves | Attracted the attention of an 0b10 checkpoint 12440 | -6/Lower Caves | Learned Factory terminal intel 12442 | -6/Lower Caves | Entered Zion 12443 | -6/Zion | Identified exit to Proximity Caves 12456 | -6/Zion | System corruption cleaned by Quarantine Array 12474 | -6/Zion | Acquired unknown access codes intercepted by a Zionite 12523 | -6/Zion | Given A8's code to call for help 12559 | -6/Zion | Turned away by Imprinter 12585 | -6/Zion | Learned location of Armory (-4) 12660 | -6/Zion | Build established: Scavenger-Sprinter 12788 | -6/Zion | Found GAL Module 12801 | -6/Zion | Opened final containment barrier to the Deep Caves 12805 | -6/Zion | Discovered new exit (range 5) 12807 | -6/Zion | Enhanced Grunt warped into view, answering call for help 12811 | -6/Zion | Enhanced Grunt warped into view, answering call for help 12813 | -6/Zion | Saw the warning signs outside the Deep Caves entrance 12823 | -6/Zion | Entered Deep Caves 12823 | -6/Deep Caves | Accompanied by 2 allies 12824 | -6/Deep Caves | Identified exit to Proximity Caves 12933 | -6/Deep Caves | Attacked by Z-Imprinter 13017 | -6/Deep Caves | Found Prototype Protection 13017 | -6/Deep Caves | Identified Zio. Heavy Carapace 13019 | -6/Deep Caves | Lost 4 parts (1p1n1u1w) 13177 | -6/Deep Caves | Found Zio. Heavy Carapace 13184 | -6/Deep Caves | Core integrity fell below 50% 13200 | -6/Deep Caves | Found Prototype Protection 13200 | -6/Deep Caves | Identified Zio. Weapon Casing 13205 | -6/Deep Caves | Core integrity fell below 20% 13211 | -6/Deep Caves | Destroyed by 13-J3L(z) with Zionite Laser-S Last Messages --------------- 13169_ Zio. Light Carapace destroyed. 13172_ Phase Shifter destroyed. 13174_ Antigrav System destroyed. 13174_ Acquired Zio. Glidesys I. 13177_ Acquired Zio. Heavy Carapace. 13179_ The unstable cave ceiling collapses. 13179_ Zio. Heavy Carapace destroyed. 13183_ Acquired 39 matter. 13183_ Zio. Glidesys I destroyed. 13183_ Dropped Med. Storage Unit. 13184_ Dropped Prototype Leg. 13184_ Nuclear Pulse Thruster destroyed. 13184_ Dropped Zio. Heavy Carapace. 13191_ 0b10 Decoder Chip [Generic] destroyed. 13192_ Mic. Nuclear Core destroyed. 13193_ Adv. Melee Analysis Suite destroyed. 13198_ Acquired Prototype Leg. 13198_ Identified Zio. Composite Leg I. 13200_ Acquired Prototype Protection. 13200_ Identified Zio. Weapon Casing. Map ----- +----------------------------------------------------+ | | | | | | | | | ????????????????????????########"#""##???####????? | | ????????????????????????# =!!!!! =!*###?# #????# | | ????????????????????????# # ###==#?#### | | ????????????????????????# ### # #! ### | | ???????????????????????## ####### =*= # ### | | ?????????????????????### ######!!!! # ## | | ?????????????????????# # !=! | | ?????????????????????# ! | | ??????????????????????# | | ??????????????????????##" | | ???????????????????????### | | ????????????????????????# """" | | ?????????????????????#### """" | | ????????????????????## # z """" | | ????????????????????# zzz """" | | ????????????????????# # """? | | ????????????????????####; """? | | ???????????????????????#; ""?? | | ???????????????????????# "??? | | ???????????????????????## "??? | | ????????????????????????# "??? | | ????????????????????????#@ ???? | | ??????????????????????? ?????? | | ????????????????????? ????????? | | ????????????????????# ?????????? | | ????????????????????## ?????????? | | ?????????????????????### ??????????? | | ???????????????????????# ??????????? | | ???????????????????????## ??????????? | | ????????????????????????# ???????????? | | ?????????????????????????# ???????????? | | ?????????????????????????? ????????????? | | ?????????????????????????? ????????????? | | ?????????????????????????? ??????????????? | | ?????????????????????????? ????????????????? | | ?????????????????????????? ???????????????????? | | ?????????????????????????? ?????????????????????? | | ?????????????????????????????????????????????????? | | ?????????????????????????????????????????????????? | | ?????????????????????????????????????????????????? | | ?????????????????????????????????????????????????? | | ?????????????????????????????????????????????????? | | ?????????????????????????????????????????????????? | | ?????????????????????????????????????????????????? | | ?????????????????????????????????????????????????? | | ?????????????????????????????????????????????????? | +----------------------------------------------------+ Best States ------------- Heat Dissipation 64 Energy Generation 37 Energy Capacity 650 Matter Stores 300 Matter Capacity 300 Sight Range 16 Terrain Scan Density 10 ECM Strength 1 Power Amplification 20 Armor Coverage 1200 Resistance: EM 15 Propulsion Shielding 66 Utility Shielding 66 Weapon Shielding 100 Phase Shifting 5 Evasion (%) 74 Melee Accuracy 8 Recoil Reduction 4 Offensive Hacking 20 Defensive Hacking 14 Item Schematics ----------------- Adv. Melee Analysis Suite | -6/Zion | Archive Adv. System Shield | -6/Zion | Archive Adv. Plasma Cannon | -6/Zion | Archive Coil Gun | -6/Zion | Archive KE Penetrator | -6/Zion | Archive Imp. Reaction Control System | -6/Zion | Archive Adv. Transmission Jammer | -6/Zion | Archive Antigrav System | -6/Zion | Archive Imp. Particle Charger | -6/Zion | Archive Energy Well | -6/Zion | Archive Lance | -6/Zion | Archive IFF Parser | -6/Zion | Archive Imp. Transmission Jammer | -6/Zion | Archive Hpw. Shock Rifle | -6/Zion | Archive Robot Schematics ------------------ T-07 Excavator | -6/Zion | Archive R-10 Processor | -6/Zion | Archive G-50 Soldier | -6/Zion | Archive X-77 Beamer | -6/Zion | Archive Fabricated ------------ Nothing Repaired ---------- Nothing Studied --------- None Alien Tech Used ----------------- None Achievements -------------- Construction Begets Destruction Nice Directions, Buddy Challenges ------------ None Game ------ Seed HeavySpectralLink Manual? 0 Play Time 02:21:37 Cumulative 261.1 hours Start 2025.11.21 @ 19:59:12 End 2025.11.21 @ 22:27:03 Sessions 1 Manual Loads 0 Difficulty Rogue Special Mode None Game No. 161 Rogue 157 Adventurer 4 Explorer 0 Win Type - Total 7 Types 6/0/1/0/0/0/0/0/0/0 Lore% 85 Gallery% 74 Achievement% 46 Wizard Run 0 Options --------- Layout 1 ASCII 0 Keyboard 1 Movement Vi Keybinds 1 Fullscreen 2 Font 24/Smallcaps Map View 50x35 Zoom Use 0% Tactical HUD 1 Map Filters NONE Filters NONE Steam 1 RUN: a30c18f9-499f-42cc-b3f4-b93d855706c9